 Dungeon Crawl Stone Soup version 0.24-a0-10-gb84795d (console) character file.

Game seed: 6207677079200872903

27 Duffy the Ruffian (level 2, -1/23 HPs)
             Began as a Draconian Transmuter on Jan 31, 2019.
             Slain by a quasit (2 damage)
             ... on level 3 of the Dungeon.
             The game lasted 00:00:52 (1029 turns).

Duffy the Ruffian (Draconian Transmuter)            Turns: 1029, Time: 00:00:53

Health: -1/23      AC:  4    Str: 12      XL:     2   Next: 93%
Magic:  5/5        EV: 12    Int: 13      God:
Gold:   0          SH:  0    Dex:  8 (11) Spells: 2/5 levels left

rFire    . . .     SeeInvis .     - Unarmed
rCold    . . .     Gourm    .   (no shield)
rNeg     . . .     Faith    .   (armour unavailable)
rPois    .         Spirit   .   (helmet restricted)
rElec    .         Reflect  .   (no cloak)
rCorr    .         Harm     .   (no gloves)
MR       .....                  (no boots)
Stlth    +.........             (no amulet)
HPRegen  0.07/turn              (no ring)
MPRegen  0.09/turn              (no ring)

@: no status effects
A: unfitting armour, cold-blooded, AC +4
a: no special abilities


You were on level 3 of the Dungeon.
You were hungry.

You visited 1 branch of the dungeon, and saw 3 of its levels.

Inventory:

Missiles
 a - 12 arrows
Potions
 b - a potion of degeneration {unknown}
 d - a potion of mutation {unknown}
 e - 2 potions of flight {unknown}
Comestibles
 c - 2 rations


   Skills:
 - Level 1.1 Fighting
 - Level 1.7 Dodging
 + Level 3.6 Unarmed Combat
 - Level 2.0 Spellcasting
 + Level 2.8 Transmutations


You had 2 spell levels left.
You knew the following spells:

 Your Spells              Type           Power        Failure   Level  Hunger
a - Beastly Appendage     Tmut           #.....       8%          1    ##.....
e - Sticks to Snakes      Tmut           #.......     12%         2    ###....

Your spell library contained the following spells:

 Spells                   Type           Power        Failure   Level  Hunger
 Spider Form              Tmut/Pois      #.........   38%         3    ####...
 Ice Form                 Ice/Tmut       #.......     80%         4    #####..
 Blade Hands              Tmut           #.........   91%         5    ######.


Dungeon Overview and Level Annotations

Branches:
Dungeon (3/15)

Altars:
Trog


Innate Abilities, Weirdness & Mutations

Your plain brown scales are hard. (AC +4)
You cannot fit into any form of body armour.
You are cold-blooded and may be slowed by cold attacks.


Message History

The quasit claws you but does no damage. x2
You closely miss the quasit.
The quasit is moderately wounded.
The quasit bites you but does no damage.
The quasit claws you but does no damage. x2
You closely miss the quasit. You tail-slap the quasit.
The quasit is heavily wounded.
The quasit bites you. The quasit barely misses you.
The quasit claws you but does no damage.
You hit the quasit but do no damage.
Your tail-slap misses the quasit.
The quasit is heavily wounded.
The quasit bites you but does no damage.
The quasit closely misses you. The quasit claws you.
You feel clumsy.
You closely miss the quasit.
You tail-slap the quasit, but do no damage.
The quasit is heavily wounded.
The quasit bites you but does no damage.
The quasit claws you.
You die...

##...## #.# #..#
##.....###.# #..#
##.......##.###..#
#.........#.....%######
+.........'............
#.........####....#####
#......)# ##.....##
##.....## #.......#
##5@)## #.......# ##'##
#.......# #.# ##.....##
#.# ##....# ###.######
####.#
#........#######.#
#.......(........#
#....###.#########
#.#..# #.#


You could see a quasit.

Vanquished Creatures
  An adder (D:2)
  A dart slug (D:1)
  A leopard gecko (D:3)
  A goblin (D:3)
  4 hobgoblins
  A quokka (D:3)
  A bat (D:1)
  3 frilled lizards
  A kobold (D:3)
  A rat (D:1)
15 creatures vanquished.

Notes
Turn   | Place    | Note
-------+----------+-------------------------------------------
     0 | D:1      | Duffy the Draconian Transmuter began the quest for the Orb.
     0 | D:1      | Reached XP level 1. HP: 16/16 MP: 3/3
   316 | D:2      | Found a bloodstained altar of Trog.
   334 | D:2      | Reached XP level 2. HP: 15/23 MP: 5/5
   469 | D:2      | Learned a level 2 spell: Sticks to Snakes
  1028 | D:3      | HP: 1/23 [quasit (2)]
  1029 | D:3      | Slain by a quasit

Vault maps used:
D:1:      roderic_chinese_lattice_arrival
D:2:      nicolae_overflow_crystal_walls, lemuel_crystal_altar, first_ration,
          elyvilon_altar_1
D:3:      grunt_gozag_breadcrumbs, chequers_ecumenical_altar_simple_redux

Action                   || total
-------------------------++-------
Melee: Unarmed           ||   131
       Tailslap          ||    14
       Punch             ||     3
Armor: Skin              ||    45
Dodge: Dodged            ||   116

Table legend:
 A = Non-vault XP
 B = Vault XP
 C = Vault XP percentage of total XP
 D = Non-vault monster count
 E = Vault monster count
 F = Vault count percentage of total count
                 A         B        C        D         E       F
            +---------+---------+-------+---------+---------+-------
      Total |      39 |       0 |   0.0 |      15 |       0 |   0.0
            +---------+---------+-------+---------+---------+-------
        D:1 |      10 |       0 |   0.0 |       6 |       0 |   0.0
        D:2 |      19 |       0 |   0.0 |       4 |       0 |   0.0
        D:3 |      10 |       0 |   0.0 |       5 |       0 |   0.0
            +---------+---------+-------+---------+---------+-------
